 Dungeon Crawl Stone Soup version 0.18.1-50-g88ac8fd (webtiles) character file.

260 Gargoyl the Distorting Demonspawn (level 5, 0/42 HPs)
             Began as a Demonspawn Abyssal Knight on Oct 27, 2016.
             Was a Believer of Lugonu.
             Succumbed to Ijyb's poison
             ... on level 3 of the Dungeon.
             The game lasted 00:04:03 (2848 turns).

Gargoyl the Distorting Demonspawn (DsAK)            Turns: 2848, Time: 00:04:03

Health: 0/42       AC: 11    Str: 14    XL:     5   Next: 95%
Magic:  8/8        EV: 12    Int: 13    God:    Lugonu [**....]
Gold:   60         SH:  0    Dex: 17    Spells: 0 memorised, 4 levels left

rFire  + . .     SeeInvis .     a - +1 hand axe
rCold  . . .     Gourm    .     e - +0 chain mail
rNeg   . . .     Faith    .     (no shield)
rPois  .         Spirit   .     (helmet restricted)
rElec  .         Dismiss  .     (no cloak)
rCorr  .         Reflect  .     (no gloves)
SustAt .         Harm     .     (no boots)
MR     .....                    (no amulet)
Stlth  ..........               (no ring)
                                (no ring)

@: agile, lethally poisoned (0 -> -19), flying, not resistant to hostile
enchantments, extremely unstealthy
A: horns 2, yellow scales 1, fire resistance 1
a: Depart the Abyss, Bend Space, Renounce Religion


You were on level 3 of the Dungeon.
You worshipped Lugonu.
Lugonu was pleased with you.
You were hungry.

You visited 1 branch of the dungeon, and saw 3 of its levels.
You visited the Abyss 1 time.

You collected 60 gold pieces.

Inventory:

Hand Weapons
 a - a +1 hand axe (weapon)
Armour
 e - a +0 chain mail (worn)
Scrolls
 b - a scroll of blinking {unknown}
 d - a scroll of enchant armour {unknown}
 f - a scroll of teleportation {unknown}
 h - a scroll of magic mapping {unknown}
Comestibles
 c - 2 bread rations
 g - a slice of pizza


   Skills:
 + Level 3.8 Fighting
 + Level 2.5 Axes
 * Level 4.0 Armour
 + Level 1.5 Dodging
 * Level 4.2 Invocations


You had 4 spell levels left.
You didn't know any spells.

Dungeon Overview and Level Annotations

Branches:
Dungeon (3/15)

Altars:
Elyvilon
Sif Muna
Trog


Innate Abilities, Weirdness & Mutations

You have a pair of horns on your head.
You are partially covered in yellow scales (AC +2).
Your flesh is heat resistant.


Message History

Ijyb is almost dead.
You feel very sick. Ijyb hits you but does no damage.
You hit Ijyb.
You kill Ijyb!
Lugonu accepts your kill.
Your Armour skill increases to level 4!
* * * LOW HITPOINT WARNING * * *
You feel very sick.
* * * LOW HITPOINT WARNING * * *
You feel sick.
Items here: ! ) [ † a dagger of venom; a ring mail; 2 green potions; the goblin corpse of Ijyb
* * * LOW HITPOINT WARNING * * *
You feel sick.
* * * LOW HITPOINT WARNING * * *
You feel sick.
* * * LOW HITPOINT WARNING * * *
You feel sick.
You die...

###########
.......@..#
.########.# #)#
###'### #.....#
#.....# #.#
#.....# #.#
#.....#
#.######'#######


There were no monsters in sight!

Vanquished Creatures
  An eye of draining (D:3)
  A worker ant (D:3)
  Ijyb (D:3)
  4 gnolls
  2 adders (D:2)
  An ooze (D:2)
  2 worms
  3 dart slugs (D:1)
  2 giant geckos (D:2)
  A giant cockroach (D:1)
  5 goblins
  7 hobgoblins
  A quokka (D:2)
  A ball python (D:1)
  8 bats
  3 giant newts
  6 kobolds
  4 rats
53 creatures vanquished.

Notes
Turn   | Place    | Note
--------------------------------------------------------------
     0 | Abyss:1  | Gargoyl the Demonspawn Abyssal Knight began the quest for the Orb.
     0 | Abyss:1  | Reached XP level 1. HP: 18/18 MP: 2/2
    88 | Abyss:1  | Noticed a raiju
    95 | D:1      | Escaped the Abyss
   459 | D:1      | Reached skill level 1 in Dodging
   545 | D:1      | Gained mutation: Your flesh is heat resistant. [demonic ancestry]
   545 | D:1      | Reached XP level 2. HP: 24/24 MP: 4/4
   666 | D:1      | Reached * piety under Lugonu
   930 | D:2      | Found a bloodstained altar of Trog.
   932 | D:2      | Gained mutation: You have a pair of small horns on your head. [demonic ancestry]
   932 | D:2      | Reached XP level 3. HP: 29/29 MP: 5/5
  1697 | D:2      | Gained mutation: You have a pair of horns on your head. [demonic ancestry]
  1697 | D:2      | Reached XP level 4. HP: 32/35 MP: 6/6
  1748 | D:2      | Found a deep blue altar of Sif Muna.
  2254 | D:3      | Found a white marble altar of Elyvilon.
  2287 | D:3      | Gained mutation: You are partially covered in yellow scales (AC +2). [demonic ancestry]
  2287 | D:3      | Reached XP level 5. HP: 11/41 MP: 7/7
  2638 | D:3      | Noticed an eye of draining
  2644 | D:3      | Reached ** piety under Lugonu
  2653 | D:3      | Killed an eye of draining
  2721 | D:3      | Found a bloodstained altar of Trog.
  2748 | D:3      | Found a faded altar to an unknown god.
  2826 | D:3      | Noticed Ijyb
  2843 | D:3      | Killed Ijyb
  2847 | D:3      | HP: 2/42 [poisoned by Ijyb]
  2848 | D:3      | Succumbed to Ijyb's poison

Skill      XL: |  1  2  3  4  5 |
---------------+----------------+-----
Dodging        | 1 |  1.5
Armour         | 2 3 4 |  4.0
Axes           | 2 |  2.5
Invocations    | 3 4 |  4.2
Fighting       | |  3.8

Action                   |  1- 3 |  4- 6 || total
-------------------------+-------+-------++-------
Melee: Hand axe          |   105 |    90 ||   195
       Headbutt          |     4 |    19 ||    23
Invok: Depart the Abyss  |     1 |       ||     1
  Use: Potion            |       |     6 ||     6
  Eat: Chunk             |     3 |     3 ||     6
Armor: Chain mail        |   104 |    50 ||   154
Dodge: Dodged            |    36 |    37 ||    73
